 Dungeon Crawl Stone Soup version 0.29-a0-275-g389c0b56f3 (webtiles) character file.

Game seed: 7052276611032279831

2 Formlaus the Poker (level 1, -1/22 HPs)
             Began as a Troll Wanderer on Mar 12, 2022.
             Slain by a quokka (3 damage)
             ... on level 1 of the Dungeon.
             The game lasted 00:02:10 (595 turns).

Formlaus the Poker (Troll Wanderer)                  Turns: 595, Time: 00:02:11

Health: -1/22      AC:  2    Str: 20    XL:     1   Next: 25%
Magic:  0/0        EV:  9    Int:  8    God:
Gold:   20         SH:  0    Dex:  8    Spells: 0/0 levels left

rFire   . . .      SeeInvis .   a - +3 spear
rCold   . . .      Faith    .   (no shield)
rNeg    . . .      Spirit   .   (body armour restricted)
rPois   .          Reflect  .   (helmet restricted)
rElec   .          Harm     .   (no cloak)
rCorr   .          Rampage  .   (gloves unavailable)
Will    .....                   (boots unavailable)
Stlth   +.........              (no amulet)
HPRegen 0.87/turn               (no ring)
MPRegen 0.07/turn               (no ring)

@: no status effects
A: large, unfitting armour, claws 3, regeneration 1, shaggy fur 1, tough skin 1
a: no special abilities


You were on level 1 of the Dungeon.
You visited 1 branch of the dungeon, and saw 1 of its levels.

You collected 20 gold pieces.

Inventory:

Hand Weapons
 a - a +3 spear (weapon)
 b - a +0 hand axe
Armour
 d - a +0 robe
Potions
 c - a potion of curing {unknown}


   Skills:
 + Level 2.4 Fighting
 + Level 1.5(2.6) Axes
 + Level 3.3(3.5) Polearms
 + Level 1.1 Dodging


You couldn't memorise any spells.
You didn't know any spells.
Your spell library was empty.

Dungeon Overview and Level Annotations

Branches:
Dungeon (1/15)

Altars:


Innate Abilities, Weirdness & Mutations

You are too large for most types of armour.
You have claws for hands.
Your natural rate of healing is unusually fast.
You are covered in fur. (AC +1)
You have tough skin. (AC +1)


Message History

The quokka bites you. The quokka closely misses you. The quokka bites you.
The quokka bites you but does no damage.
The quokka bites you.
The quokka bites you but does no damage.
The quokka bites you. x2
The quokka bites you.
The quokka bites you but does no damage.
The quokka bites you. The quokka barely misses you.
The quokka barely misses you. x2
The quokka bites you but does no damage.
The quokka bites you but does no damage.
The quokka bites you. The quokka closely misses you. The quokka bites you.
The quokka barely misses you. The quokka bites you.
* * * LOW HITPOINT WARNING * * *
The quokka bites you but does no damage.
The quokka bites you.
* * * LOW HITPOINT WARNING * * *
The quokka bites you but does no damage.
The quokka closely misses you. The quokka bites you.
* * * LOW HITPOINT WARNING * * *
The quokka bites you.
* * * LOW HITPOINT WARNING * * *
The quokka bites you.
* * * LOW HITPOINT WARNING * * *
The quokka barely misses you. The quokka bites you.
* * * LOW HITPOINT WARNING * * *
The quokka bites you but does no damage.
The quokka bites you.
* * * LOW HITPOINT WARNING * * *
The quokka bites you.
* * * LOW HITPOINT WARNING * * *
The quokka bites you.
* * * LOW HITPOINT WARNING * * *
The quokka bites you.
You die...

♣.....♣P.....#
....♣........#
♣...P♣.....#.#
....)....###.#
..P########..#
...#.♣P ##...#
''##P.# #..#.#
..P##'#
#....######.###.
......#
#.##....@r...[..
.<..♣P#
#.#####.########
P♣PPP####.# #.#
########..# #.#
###..## #.#
##...## #.#
++##..### #.#
...[### #.#
......#


You could see a quokka.

Vanquished Creatures
  A hobgoblin (D:1)
  A ball python (D:1)
2 creatures vanquished.

Notes
Turn   | Place    | Note
-------+----------+-------------------------------------------
     0 | D:1      | Formlaus the Troll Wanderer began the quest for the Orb.
     0 | D:1      | Formlaus set off with the following items: a +3 spear, a +0
                  | hand axe, a potion of might, a +0 robe
     0 | D:1      | Reached XP level 1. HP: 22/22 MP: 0/0
   594 | D:1      | HP: 1/22 [quokka (2)]
   595 | D:1      | Slain by a quokka

Illustrated notes

Levels and vault maps discovered:
D:1:      denvon_arrival_planthouse, layout_loops_ring,
          shapermc_ecumenical_altar_totnotflames

Action                   || total
-------------------------++-------
Melee: Spear             ||     5
  Use: Potion            ||     1
Armor: Robe              ||   116
       Skin              ||    10
Dodge: Dodged            ||   224

Table legend: (Time is in decaauts)
 A = Elapsed time spent in this place.
 B = Non-inter-level travel time spent in this place.
 C = Inter-level travel time spent in this place.
 D = Time resting spent in this place.
 E = Time spent auto-exploring this place.
 F = Levels seen in this place.
 G = Mean time per level.
                   A        B        C        D        E       F      G
               +--------+--------+--------+--------+--------+-----+--------+
         Total |    594 |    594 |      0 |      0 |    106 |   1 |  594.0 |
       Dungeon |    594 |    594 |      0 |      0 |    106 |   1 |  594.0 |
               +--------+--------+--------+--------+--------+-----+--------+

Top non-repeatable levels by time:
     D:1: 594 daAuts
